Map: Terrasses de Prion

Players

Soo - Winner!

  • Race: Protoss Protoss

pupu

  • Race: Protoss Protoss
  • League: Silver

VOD

Have the link to the VOD?

Description

Time

  • Played on: April 4, 2016, 11:56 a.m.
  • Length: 10:03
Show
View Real Time Build Order
Export as new Build Order

Soo Protoss - Winner!

Build Orders: Oracle Opening 

Get SALT Encoding   

  12  0:01  Probe (Chrono Boost)  
  13  0:11  Probe (Chrono Boost)  
  14  0:19  Pylon  
  14  0:22  Probe (Chrono Boost)  
  15  0:37  Probe (Chrono Boost)  
  15  0:42  Gateway  
  16  0:46  Assimilator  
  16  0:48  Probe (Chrono Boost)  
  17  0:59  Probe (Chrono Boost)  
  18  1:10  Probe (Chrono Boost)  
  19  1:15  Assimilator  
  19  1:20  Probe (Chrono Boost)  
  20  1:29  Cybernetics Core  
  20  1:31  Probe (Chrono Boost)  
  21  1:41  Probe (Chrono Boost)  
  22  2:18  Nexus  
  22  2:28  Pylon  
  22  2:43  Pylon  
  22  2:46  Mothership Core (Chrono Boost)  
  22  2:51  Stargate  
  24  3:08  Stargate  
  24  3:18  Probe (Chrono Boost)  
  25  3:22  Warp Gate (Chrono Boost)  
  25  3:34  Oracle (Chrono Boost)  
  25  3:40  Probe  
  29  3:51  Probe  
  34  3:57  Void Ray (Chrono Boost)  
  34  4:01  Probe  
  34  4:05  Probe  
  36  4:12  Probe  
  37  4:17  Probe, Oracle (Chrono Boost)  
  37  4:21  Assimilator  
  37  4:23  Probe  
  41  4:24  Assimilator  
  41  4:29  Probe  
  43  4:41  Probe  
  43  4:45  Void Ray (Chrono Boost)  
  48  4:53  Probe  
  49  5:08  Void Ray (Chrono Boost)  
  53  5:41  Pylon  
  51  5:43  Pylon  
  47  6:07  Void Ray (Chrono Boost)  
  45  6:11  Void Ray (Chrono Boost)  
  45  6:16  Nexus  
  40  7:07  Pylon  
  31  7:09  Pylon  
  29  7:16  Void Ray (Chrono Boost)  
  26  7:29  Probe  
  30  7:40  Probe  
  30  7:41  Void Ray (Chrono Boost)  
  31  7:50  Probe  
  32  8:01  Probe  
Show
View Real Time Build Order
Export as new Build Order

pupu Protoss 

Build Orders: Nexus First 

Get SALT Encoding   

  12  0:01  Probe (Chrono Boost)  
  13  0:11  Probe (Chrono Boost)  
  14  0:22  Pylon  
  14  0:23  Probe (Chrono Boost)  
  15  0:40  Probe (Chrono Boost)  
  16  0:50  Probe (Chrono Boost)  
  17  0:59  Nexus  
  17  1:09  Gateway  
  17  1:12  Probe (Chrono Boost)  
  18  1:18  Assimilator  
  18  1:25  Assimilator  
  18  1:26  Probe (Chrono Boost)  
  19  1:37  Probe (Chrono Boost)  
  20  1:47  Probe (Chrono Boost)  
  21  1:58  Probe (Chrono Boost)  
  22  2:03  Cybernetics Core  
  23  2:08  Probe (Chrono Boost), Pylon  
  23  2:14  Probe (Chrono Boost)  
  24  2:19  Probe (Chrono Boost)  
  25  2:26  Probe (Chrono Boost)  
  25  2:29  Probe (Chrono Boost)  
  27  2:36  Gateway  
  27  2:38  Gateway  
  27  2:40  Warp Gate (Chrono Boost)  
  27  2:43  Stalker  
  27  2:44  Probe  
  29  2:46  Probe  
  31  3:02  Robotics Facility  
  31  3:03  Probe  
  31  3:04  Pylon  
  31  3:05  Probe  
  33  3:10  Pylon  
  33  3:14  Probe, Pylon  
  34  3:20  Sentry  
  34  3:23  Sentry  
  38  3:30  Adept  
  38  3:33  Probe  
  40  3:34  Probe  
  40  3:39  Pylon  
  42  3:43  Probe  
  42  3:46  Probe  
  44  3:49  Forge  
  44  3:52  Gateway  
  44  3:53  Gateway  
  44  3:54  Probe  
  45  4:01  Assimilator  
  49  4:12  Immortal (Chrono Boost)  
  49  4:30  Stalker x3  
  55  4:51  Probe  
  57  4:52  Probe  
  57  5:01  Stalker x3  
  57  5:05  Immortal (Chrono Boost)  
  58  5:29  Stalker x2  
  58  5:58  Photon Cannon  
  58  6:01  Photon Cannon  
  52  6:06  Photon Cannon  
  49  6:13  Pylon  
  49  6:15  Pylon  
  49  6:16  Photon Cannon  
  45  6:18  Photon Cannon  
  45  6:20  Photon Cannon  
  40  6:37  Zealot  
  40  6:38  Zealot x4  
  37  7:30  Nexus  
  37  7:32  Pylon  
  37  7:33  Pylon x2  
  37  7:41  Pylon  
  5  8:51  Gateway  
  5  8:52  Gateway  
  5  8:53  Gateway  
  5  9:10  Probe  
  6  9:21  Probe  
  7  9:36  Assimilator  
  7  9:52  Cybernetics Core  
Tags
 
Add a new tag
Caveats
  • Supply blocks, unpowered buildings, or Contaminate may cause inaccurate times.
  • Supply counts are checked every 10 seconds.